 Dungeon Crawl Stone Soup version 0.30.0-29-ga12c61a403 (webtiles) character file.

Game seed: 346966928933004160

28 Peloso the Trooper (level 3, 33/33 HPs)
             Began as a Minotaur Fighter on June 24, 2023.
             Got out of the dungeon alive.
             The game lasted 00:01:14 (851 turns).

Peloso the Trooper (Minotaur Fighter)                Turns: 851, Time: 00:01:14

Health: 33/33      AC:  7    Str: 20    XL:     3   Next: 0%
Magic:  2/2        EV:  9    Int:  5    God:
Gold:   78         SH:  4    Dex: 11    Spells: 2/2 levels left

rFire   x . .        a - +0 long sword
rCold   . . .        c - +0 buckler
rNeg    . . .        b - +0 scale mail
rPois   +            (helmet restricted)
rElec   .            (no cloak)
rCorr   .            (no gloves)
SInv    .            (no boots)
Will    .....        (no amulet) Stlth
                     (no ring)
HPRegen 0.25/turn    (no ring)
MPRegen 0.08/turn

%: no passive effects
@: no status effects
A: horns 2, retaliatory headbutt, poison resistance, heat vulnerability 1
a: no special abilities


You escaped.
You visited 1 branch of the dungeon, and saw 1 of its levels.

You collected 78 gold pieces.

Inventory:

Hand Weapons
 a - a +0 long sword (weapon)
Armour
 b - a +0 scale mail (worn)
 c - a +0 buckler (worn)
Scrolls
 f - a scroll of fog {unknown}
 g - a scroll of brand weapon {unknown}
 i - a scroll of magic mapping {unknown}
 j - a scroll of identify {unknown}
Potions
 d - a potion of might
 h - a potion of heal wounds {unknown}


   Skills:
 + Level 4.1 Fighting
 + Level 2.7 Long Blades
 + Level 4.1 Armour
 + Level 0.1 Dodging
 + Level 4.0 Shields


You had 2 spell levels left.
You didn't know any spells.
Your spell library contained the following spells:

 Spells                   Type           Power      Damage    Failure   Level
 Summon Ice Beast         Ice/Summ       0%         N/A       100%        4
 Summon Mana Viper        Hex/Summ       0%         N/A       100%        5
 Monstrous Menagerie      Summ           0%         N/A       100%        7


Dungeon Overview and Level Annotations

Branches:
Dungeon (1/15)

Altars:


Innate Abilities, Weirdness & Mutations

You have a pair of horns on your head.
You reflexively headbutt those who attack you in melee.
Your system is resistant to poisons. (rPois)
You are vulnerable to heat. (rF-)


Message History

You hit the goblin.
You kill the goblin!
You have reached level 3!
Your experience leads to an increase in your attributes!
Increase (S)trength, (I)ntelligence, or (D)exterity?
You feel agile. x2
You see here a +0 club.
j - a scroll labelled GINIKL ATONITT You see here a +0 ring mail.
You see here a +0 flail.
You see here a +0 club.
There is a stone staircase leading down here.
You see here a +0 club.
Key pressed, stopping explore.
Done exploring.
Done exploring.
Done exploring.
You hit the bush.
The bush is lightly damaged.
You hit the bush.
You headbutt the bush, but do no damage.
The bush is lightly damaged.
You slash the plant!
The plant begins to die.
You headbutt the plant.
The plant is lightly damaged.
A nearby plant withers and dies.
You hit the bush but do no damage.
You headbutt the bush, but do no damage.
You hit the plant.
The plant begins to die.
You headbutt the plant.
The plant is lightly damaged.
A nearby plant withers and dies.
Done exploring.
It was a potion of mutation.
You feel extremely strange.
You feel resistant to poisons.
You feel vulnerable to heat.
(D) Dungeon
Where to? (? - help)
What level of the Dungeon? (default 1, ? - help)
You see here a +0 leather armour.
There is a staircase leading out of the dungeon here.
Are you sure you want to leave the Dungeon?
This will make you lose the game!
You have escaped!

..### #######...# #.## ###
#.........# ##♣#♣... #
###.#####...####♣.....♣. ##
#...#####....#..(...[... .#
###.##...#####.#.♣.......♣
.#
##...##.....###............
.#
#....##........##.♣.......♣
.#
#..###.........##..........
.#
#..###....@....##..♣.....♣.
.#
#..##....♣....##....#♣#♣.#.
.#
#..##.........##..#.####...
.#
#..##........##..........##
.#
#....###.....##..#..####.#
## #..#.#####...##..#..#
##.## #
#..#....#####....#..###.#.#
# #..##.###.#
#.##.#.....###. # #..##.#
#.# #....#..###.#.#


There were no monsters in sight!

Vanquished Creatures
  A gnoll (D:1)
  2 endoplasms (D:1)
  2 giant cockroaches (D:1)
  3 goblins (D:1)
  3 ball pythons (D:1)
  A bat (D:1)
  A frilled lizard (D:1)
  2 kobolds (D:1)
  3 rats (D:1)
18 creatures vanquished.

Notes
Turn   | Place    | Note
-------+----------+-------------------------------------------
     0 | D:1      | Peloso the Minotaur Fighter began the quest for the Orb.
     0 | D:1      | Reached XP level 1. HP: 19/19 MP: 0/0
   109 | D:1      | Reached XP level 2. HP: 22/27 MP: 1/1
   488 | D:1      | Found a faded altar of an unknown god.
   591 | D:1      | Reached XP level 3. HP: 33/33 MP: 2/2
   831 | D:1      | Gained mutation: Your system is resistant to poisons.
                  | (rPois) [potion of mutation]
   831 | D:1      | Gained mutation: You are vulnerable to heat. (rF-) [potion
                  | of mutation]
   851 | D:$      | Got out of the dungeon alive.

Illustrated notes

Levels and vault maps discovered:
D:1:      spicycebolla_green_bress_n_ham, layout_loops_ring, serial_forest,
          infiniplex_forest_zigzag_2, infiniplex_forest_lined_ring,
          infiniplex_forest_clump_small, infiniplex_forest_3_way,
          infiniplex_forest_corner_1, infiniplex_forest_end_double,
          infiniplex_forest_straight_1, hellmonk_ecumenical_altar_inner_sanctum

Skill      XL: |  1  2 |
---------------+-------+-----
Fighting       | 4 |  4.1
Armour         | 4 |  4.1
Shields        | 4 |  4.0
Long Blades    | |  2.7
Dodging        | |  0.1

Action                     || total
---------------------------++-------
  Melee: Long sword        ||    38
         Headbutt          ||    10
    Use: Potion            ||     1
 Armour: Scale mail        ||    15
  Dodge: Dodged            ||    12
  Block: Buckler           ||    10
